Map: Orbital Shipyard

Players

wabbajack

  • Race: Zerg Zerg
  • League: Gold

Donkeystorm - Winner!

  • Race: Zerg Zerg
  • League: Grandmaster

VOD

Have the link to the VOD?

Description

Time

  • Played on: July 18, 2015, 6:07 p.m.
  • Length: 11:25
Show
View Real Time Build Order
Export as new Build Order

wabbajack Zerg 

Build Orders: Hatch First, Lurkers 

Get SALT Encoding   

  12  0:01  Drone  
  13  0:15  Overlord  
  13  0:18  Drone  
  14  0:25  Extractor  
  14  0:26  Drone  
  14  0:34  Drone  
  16  0:38  Drone  
  17  0:54  Hatchery  
  17  0:56  Extractor  
  15  0:58  Drone  
  15  1:02  Drone  
  17  1:10  Drone  
  18  1:25  Spawning Pool  
  18  1:29  Drone  
  18  1:31  Drone  
  19  1:41  Overlord  
  19  1:52  Drone  
  20  2:04  Drone  
  21  2:16  Queen x2  
  21  2:17  Metabolic Boost  
  25  2:22  Spine Crawler  
  25  2:25  Zergling x4  
  25  2:29  Drone  
  27  2:30  Drone x2  
  27  2:36  Drone  
  30  2:51  Roach Warren  
  30  2:56  Overlord  
  29  3:00  Drone  
  29  3:01  Drone  
  29  3:02  Drone  
  32  3:06  Overlord  
  32  3:33  Roach  
  32  3:34  Roach x5  
  44  3:41  Overlord  
  44  3:43  Roach x4  
  52  3:53  Extractor  
  51  3:56  Overlord  
  51  3:59  Drone x2  
  51  4:00  Drone  
  54  4:12  Overlord  
  54  4:19  Roach x4  
  62  4:28  Spine Crawler  
  62  4:29  Overlord  
  61  4:39  Baneling Nest  
  61  4:43  Drone x3  
  61  4:44  Drone x2  
  65  5:05  Zergling x2  
  65  5:06  Zergling x12  
  72  5:19  Lair  
  72  5:20  Zergling x2  
  76  5:21  Zergling x14  
  80  5:32  Overlord  
  80  5:37  Overlord  
  62  6:06  Ravager  
  62  6:07  Ravager  
  62  6:11  Zergling x18  
  65  6:12  Zergling x2  
  44  6:58  Roach  
  44  6:59  Hydralisk Den, Roach x12  
  69  7:01  Hatchery  
  68  7:16  Roach  
  68  7:17  Roach x3  
  76  7:44  Hatchery, Lurker Den  
  75  8:04  Drone x3  
  75  8:05  Drone x3  
  81  8:06  Hatchery, Drone  
  81  8:10  Drone x2, Extractor  
  81  8:11  Drone x2  
  81  8:12  Drone x3, Extractor  
  86  8:14  Overlord  
  86  8:15  Overlord  
  86  8:30  Evolution Chamber, Queen  
  86  8:31  Evolution Chamber  
  86  8:38  Drone x2  
  86  8:39  Drone  
  89  8:49  Overlord  
  89  8:50  Overlord  
  89  8:51  Hydralisk x4  
  97  8:56  Zerg Missile Weapons Level 1  
  97  9:01  Zerg Ground Armor Level 1  
  97  9:14  Extractor  
  96  9:19  Extractor  
  95  9:25  Queen  
  97  9:34  Drone x3  
  97  9:35  Drone x3  
  97  9:36  Drone x8  
  111  9:42  Lurker  
  111  9:43  Lurker x3  
  115  9:56  Spore Crawler  
  115  9:59  Spore Crawler  
  112  10:19  Overseer  
  107  10:48  Hydralisk x6, Roach x2  
  107  10:49  Hydralisk x3, Roach x6  
  104  10:50  Roach x2  
  93  11:03  Roach  
  97  11:04  Roach x4  
  97  11:07  Overlord  
Show
View Real Time Build Order
Export as new Build Order

Donkeystorm Zerg - Winner!

Build Orders: Hatch First, Lurkers 

Get SALT Encoding   

  12  0:01  Drone  
  13  0:13  Overlord  
  13  0:19  Drone  
  14  0:32  Drone x2  
  16  0:36  Drone  
  17  0:55  Hatchery  
  16  0:57  Drone  
  16  0:59  Drone  
  18  1:05  Extractor  
  18  1:07  Drone  
  18  1:19  Spawning Pool  
  18  1:21  Drone  
  18  1:29  Drone  
  19  1:39  Overlord  
  19  2:06  Queen  
  19  2:07  Zergling x6  
  24  2:08  Queen  
  24  2:09  Metabolic Boost  
  24  2:13  Drone  
  27  2:18  Drone  
  28  2:29  Drone x2  
  30  2:35  Overlord  
  30  2:42  Queen  
  32  2:48  Drone x2  
  34  2:56  Spine Crawler  
  33  3:00  Drone x2  
  33  3:02  Baneling Nest  
  34  3:05  Drone  
  34  3:06  Drone  
  34  3:12  Drone  
  37  3:17  Overlord  
  37  3:28  Drone  
  37  3:29  Drone x6  
  44  3:40  Drone x2  
  46  3:42  Drone  
  47  3:49  Evolution Chamber  
  47  3:52  Lair  
  46  3:56  Overlord, Extractor  
  46  3:57  Drone x5  
  50  4:04  Overlord  
  50  4:05  Zergling x4  
  52  4:20  Roach Warren  
  52  4:22  Drone x5  
  55  4:29  Extractor  
  54  4:37  Drone  
  54  4:38  Drone x3  
  58  4:45  Zerg Missile Weapons Level 1  
  58  4:55  Overlord x2  
  58  5:02  Overlord, Roach  
  58  5:03  Roach x3  
  58  5:05  Glial Reconstitution  
  58  5:06  Overlord x2  
  66  5:07  Drone  
  66  5:11  Extractor  
  66  5:12  Overseer  
  66  5:20  Roach  
  66  5:21  Roach x6  
  80  5:29  Roach  
  80  5:32  Roach  
  84  5:42  Roach x3  
  92  5:43  Roach  
  88  5:50  Roach x2  
  88  5:54  Roach  
  84  6:05  Roach x5  
  94  6:19  Roach x5  
  94  6:25  Roach x2  
  100  6:37  Roach  
  100  6:38  Roach x2  
  106  6:46  Roach x2  
  108  6:48  Overlord x3  
  108  6:50  Hatchery  
  108  6:51  Zerg Missile Weapons Level 2  
  107  6:58  Overlord  
  107  7:00  Drone  
  108  7:20  Hydralisk Den, Roach x3  
  108  7:21  Roach x2  
  117  7:27  Roach x3  
  117  7:28  Drone x5  
  128  7:38  Lurker Den  
  128  7:41  Roach x2  
  132  8:02  Overlord x3  
  132  8:05  Drone x7  
  139  8:13  Overlord  
  139  8:15  Hydralisk  
  141  8:23  Overseer  
  141  8:33  Evolution Chamber  
  140  8:34  Drone x3  
  140  8:35  Drone x6  
  140  8:37  Hydralisk, Extractor  
  140  8:39  Extractor  
  140  8:41  Hydralisk x3  
  155  8:53  Hydralisk x3  
  155  8:54  Zergling x2  
  155  8:55  Zergling x6  
  165  8:58  Hydralisk x2  
  165  8:59  Overlord x2  
  165  9:00  Drone x3  
  172  9:13  Lurker x4  
  172  9:14  Lurker  
  172  9:15  Overlord  
  172  9:16  Zergling x2  
  178  9:30  Lurker x2  
  180  9:46  Overlord  
  180  9:47  Roach x3  
  180  9:48  Roach x6  
  180  9:49  Hatchery  
  197  9:59  Infestation Pit  
  196  10:27  Roach  
  196  10:28  Roach  
  181  10:46  Roach  
  181  10:47  Roach x16  
  198  10:50  Zergling x2  
Tags
 
Add a new tag
Caveats
  • Supply blocks, unpowered buildings, or Contaminate may cause inaccurate times.
  • Supply counts are checked every 10 seconds.